 Dungeon Crawl Stone Soup version 0.21-a0-632-g1e37ce5 (webtiles) character file.

133 Lanoc the Grave Robber (level 4, 0/24 HPs)
             Began as a Deep Elf Necromancer on Dec 28, 2017.
             Killed by nerve-wracking pain
             ... invoked by Grinder
              (8 damage)
             ... on level 3 of the Dungeon.
             The game lasted 00:08:27 (1932 turns).

Lanoc the Grave Robber (Deep Elf Necromancer)       Turns: 1932, Time: 00:08:27

Health: 0/24       AC:  2    Str:  5    XL:     4   Next: 93%
Magic:  4/12       EV: 18    Int: 21    God:
Gold:   106        SH:  0    Dex: 15    Spells: 2/11 levels left

rFire    . . .     SeeInvis .   (no weapon)
rCold    . . .     Gourm    .   (no shield)
rNeg     . . .     Faith    .   a - +0 robe
rPois    .         Spirit   .   (no helmet)
rElec    .         Reflect  .   (no cloak)
rCorr    +         Harm     .   (no gloves)
MR       .....                  (no boots)
Stlth    ++........             (no amulet)
HPRegen  0.08/turn              e - +4 ring of evasion
MPRegen  0.13/turn              i - ring of resist corrosion

@: no status effects
A: no striking features
a: no special abilities


You were on level 3 of the Dungeon.
You were not hungry.

You visited 1 branch of the dungeon, and saw 3 of its levels.

You collected 106 gold pieces.

Inventory:

Armour
 a - a +0 robe (worn)
Jewellery
 e - a +4 ring of evasion (left hand)
 i - a ring of resist corrosion (right hand)
 n - an uncursed ring of flight
Wands
 m - a wand of paralysis (12)
Scrolls
 d - 2 scrolls of remove curse
 f - a scroll of magic mapping {unknown}
 g - 4 scrolls of identify
 h - 2 scrolls of teleportation
 l - a scroll of fog {unknown}
Potions
 k - 3 potions of cancellation
Books
 b - a book of Necromancy

   Spells                             Type                      Level
   a - Pain                           Necromancy                   1
   b - Animate Skeleton               Necromancy                   1
   c - Vampiric Draining              Necromancy                   3
   d - Regeneration                   Charms/Necromancy            3
   e - Animate Dead                   Necromancy                   4
   f - Borgnjor's Vile Clutch         Necromancy/Earth             5
Comestibles
 c - 5 rations
 j - a chunk of flesh


   Skills:
 + Level 3.6 Dodging
 - Level 2.4 Stealth
 + Level 4.2 Spellcasting
 * Level 6.4 Necromancy


You had 2 spell levels left.
You knew the following spells:

 Your Spells              Type           Power        Failure   Level  Hunger
a - Pain                  Necr           ####         1%          1    None
b - Animate Skeleton      Necr           N/A          1%          1    None
c - Vampiric Draining     Necr           ####......   2%          3    ##.....
d - Animate Dead          Necr           N/A          9%          4    ####...


Dungeon Overview and Level Annotations

Branches:
Dungeon (3/15)

Altars:

Annotations:
D:3 1 runed door, Grinder


Message History

Grinder is heavily wounded.
Your goblin skeleton hits Grinder but does no damage.
Your goblin skeleton hits Grinder.
The helpless Grinder fails to defend herself.
You hit Grinder.
Grinder is heavily wounded.
Grinder is no longer paralysed.
Grinder misses you.
Your goblin skeleton hits Grinder but does no damage.
You hit Grinder but do no damage.
Grinder is heavily wounded.
Grinder hits you!
Your goblin skeleton hits Grinder.
Your goblin skeleton barely misses Grinder.
Evoke which item? (* to show all) (? for menu, Esc to quit)
Aiming: Paralyse
Press: ? - help, Shift-Dir - straight line, f/p - Grinder
Aim: Grinder (heavily wounded, chance to defeat MR: 46%) Grinder resists with some effort.
Grinder gestures at you. Pain shoots through your body!
You die...

....#.....)......#
##########
##..#............#
..#.#...[%.(..[..##
#.#...##..%.......#####
#.#.#######............
#.... #..........##
####. #..........#
#K.###..........#
#...........Z@..#
##.###......Z5).#
#..........#
#........).#
#..........#
###.#.###...###
#<#.####....#
#.#.......#.#
#.#####...#'########


You could see Grinder and 2 friendly goblin skeletons.

Vanquished Creatures
  Ijyb (D:3)
  6 adders
  An ooze (D:2)
  2 worms (D:3)
  2 leopard geckos
  A bat (D:3)
  3 giant cockroaches
  7 goblins
  4 hobgoblins
  A quokka (D:3)
  2 frilled lizards
  8 kobolds
  6 rats
44 creatures vanquished.

Vanquished Creatures (collateral kills)
  A rat (D:3)
1 creature vanquished.

Grand Total: 45 creatures vanquished

Notes
Turn   | Place    | Note
-------+----------+-------------------------------------------
     0 | D:1      | Lanoc the Deep Elf Necromancer began the quest for the Orb.
     0 | D:1      | Reached XP level 1. HP: 10/10 MP: 6/6
    60 | D:1      | Learned a level 1 spell: Animate Skeleton
   130 | D:1      | Reached skill level 5 in Necromancy
   227 | D:1      | Reached XP level 2. HP: 7/15 MP: 6/8
   801 | D:2      | Reached XP level 3. HP: 12/19 MP: 2/10
  1175 | D:3      | Found a runed door.
  1210 | D:3      | Learned a level 3 spell: Vampiric Draining
  1224 | D:3      | Reached XP level 4. HP: 12/24 MP: 0/11
  1351 | D:3      | Noticed Grinder
  1352 | D:3      | Reached skill level 6 in Necromancy
  1358 | D:3      | Paralysed by Grinder for 6 turns
  1370 | D:3      | Paralysed by Grinder for 5 turns
  1374 | D:3      | Noticed Ijyb
  1381 | D:3      | Killed Ijyb
  1841 | D:3      | Learned a level 4 spell: Animate Dead
  1907 | D:3      | Paralysed by Grinder for 2 turns
  1913 | D:3      | Paralysed by Grinder for 4 turns
  1932 | D:3      | Killed from afar by Grinder

Vault maps used:
D:1:      kilobyte_arrival_exit_the_forest
D:3:      uniq_ijyb, uniq_grinder, uniq_crazy_yiuf_cottage

Skill      XL: |  1  2  3  4 |
---------------+-------------+-----
Necromancy     | 5 6 |  6.4
Dodging        | 3 |  3.6
Spellcasting   | 4 |  4.2
Stealth        | |  2.4

Action                   |  1- 3 |  4- 6 || total
-------------------------+-------+-------++-------
Melee: Unarmed           |     1 |    23 ||    24
 Cast: Pain              |    51 |    40 ||    91
       Animate Skeleton  |     6 |     3 ||     9
       Vampiric Draining |       |     3 ||     3
       Animate Dead      |       |     1 ||     1
Evoke: Wand              |       |     2 ||     2
  Use: Scroll            |     6 |     2 ||     8
       Potion            |       |     2 ||     2
 Stab: Paralysed         |       |    10 ||    10
  Eat: Chunk             |     1 |     2 ||     3
Armor: Robe              |       |     4 ||     4
Dodge: Dodged            |     3 |    24 ||    27

Table legend:
 A = Spawn XP
 B = Non-spawn XP
 C = Spawn XP percentage of total XP
 D = Spawn monster count
 E = Non-spawn monster count
 F = Spawn count percentage of total count
 G = Total turns spent on level
                    A         B        C        D         E        F      G
               +---------+---------+-------+---------+---------+-------+---------
         Total |       0 |     190 |   0.0 |       0 |      45 |   0.0 |  1932
               +---------+---------+-------+---------+---------+-------+---------
           D:1 |       0 |      19 |   0.0 |       0 |      12 |   0.0 |   739
           D:2 |       0 |      55 |   0.0 |       0 |      10 |   0.0 |   659
           D:3 |       0 |     116 |   0.0 |       0 |      23 |   0.0 |   534
               +---------+---------+-------+---------+---------+-------+---------
